 Dungeon Crawl Stone Soup version 0.18-a0-952-g309898a (webtiles) character file.

6979 JokEr the Impaler (level 11, 0/97 HPs)
             Began as a Merfolk Fighter on Dec 30, 2015.
             Was a Priest of the Shining One.
             Engulfed by an ice statue's freezing vapour (3 damage)
             ... in an ice cave.
             The game lasted 00:25:09 (9624 turns).

JokEr the Impaler (Merfolk Fighter)                 Turns: 9624, Time: 00:25:09

Health: 0/97       AC: 16    Str: 25    XL:     11   Next: 8%
Magic:  10/11      EV:  4    Int: 11    God:    the Shining One [***...]
Gold:   112        SH: 16    Dex: 15    Spells: 0 memorised, 10 levels left

rFire  . . .     SeeInvis .     G - +3 trident
rCold  + + .     Gourm    .     l - +0 plate armour
rNeg   + . .     Faith    .     c - +0 shield
rPois  +         Spirit   .     F - +2 helmet {Int+3}
rElec  +         Dismiss  .     (no cloak)
rCorr  +         Reflect  .     (no gloves)
SustAt .         Harm     .     H - +1 pair of boots {Fly}
MR     .....                    (no amulet)
Stlth  ..........               s - ring of ice
                                h - +2 ring of slaying

@: mighty, divine shield, resistant, flying, glowing, not resistant to hostile
enchantments, extremely unstealthy
A: change form in water, swift swim, agile 1, poison resistance
a: Divine Shield, Renounce Religion, Stop Flying


You were in an ice cave.
You worshipped the Shining One.
The Shining One was most pleased with you.
You were not hungry.

You visited 2 branches of the dungeon, and saw 12 of its levels.
You also visited: Ice Cave.

You collected 496 gold pieces.
You spent 384 gold pieces at shops.

Inventory:

Hand Weapons
 G - a +3 trident (weapon)
Missiles
 a - 3 throwing nets (quivered)
Armour
 c - a +0 shield (worn)
 l - a +0 plate armour (worn)
 F - a +2 helmet of intelligence (worn)
 H - a +1 pair of boots of flying (worn)
Jewellery
 h - a +2 ring of slaying (left hand)
 j - an uncursed ring of stealth
 s - a ring of ice (right hand)
 L - an uncursed ring of protection from magic
Wands
 i - a wand of lightning (8/15)
 v - a wand of polymorph (15/24)
 x - a wand of frost (27/48)
 D - a wand of magic darts (29/48)
 J - a wand of frost (32/48)
 N - a wand of flame (19/48)
 R - a wand of digging (12/24)
Scrolls
 b - a scroll of recharging
 g - 4 scrolls of enchant weapon
 k - a scroll of noise {unknown}
 t - 3 scrolls of teleportation
 y - 2 scrolls of remove curse
Potions
 e - a potion of magic
 m - 2 potions of poison
 o - 3 potions of lignification
 q - a potion of cure mutation
 u - a potion of mutation
 I - a potion of haste {unknown}
Books
 K - a book of Burglary

   Spells                             Type                      Level
   a - Swiftness                      Charms/Air                   2
   b - Passwall                       Transmutation/Earth          3
   c - Passage of Golubria            Translocation                4
   d - Lee's Rapid Deconstruction     Earth                        5
   e - Darkness                       Hexes                        6
   f - Invisibility                   Hexes                        6
 M - a book of Necromancy

   Spells                             Type                      Level
   a - Pain                           Necromancy                   1
   b - Animate Skeleton               Necromancy                   1
   c - Vampiric Draining              Necromancy                   3
   d - Regeneration                   Charms/Necromancy            3
   e - Animate Dead                   Necromancy                   4
   f - Control Undead                 Necromancy                   4
   The Shining One disapproves of the use of such an item.
Comestibles
 f - 6 bread rations
 w - 2 beef jerkies
 z - 7 fruits
 A - 5 royal jellies
 B - a slice of pizza
 E - a meat ration
 Q - 6 chunks of flesh


   Skills:
 + Level 12.9 Fighting
 + Level 15.8 Polearms
 - Level 2.1 Armour
 - Level 3.0 Shields


You had 10 spell levels left.
You didn't know any spells.

Dungeon Overview and Level Annotations

Branches:
Dungeon (11/15)            Temple (1/1) D:5
   Lair: D:8-11         Orc: D:9-12

Altars:
Ashenzari
Cheibriados
Dithmenos
Elyvilon
Fedhas
Gozag
Kikubaaqudgha
Makhleb
Nemelex Xobeh
Okawaru
Pakellas
Qazlal
Ru
Sif Muna
Trog
Vehumet
Xom
Yredelemnul
Zin
The Shining One

Shops:
D:8 *

Annotations:
IceCv exclusion: ice statue


Innate Abilities, Weirdness & Mutations

You revert to your normal form in water.
You are very nimble and swift while swimming.
You are agile. (Dex +2)
Your system is resistant to poisons.


Message History

The freezing blast engulfs you! You resist.
* * * LOW HITPOINT WARNING * * *
You block the ice beast's attack. x2
The ice beast barely misses you.
You hit the ice statue but do no damage.
The ice statue is almost destroyed.
You are engulfed in freezing vapours.
You resist.
* * * LOW HITPOINT WARNING * * *
You block the ice beast's attack.
Read which item? (? for menu, Esc to quit)
Okay, then.
You puncture the ice statue!
The ice statue is almost destroyed.
You are engulfed in freezing vapours.
You resist.
* * * LOW HITPOINT WARNING * * *
The ice beast hits you but does no damage. x2
Drink which item? (? for menu, Esc to quit)
You feel very mighty all of a sudden.
You are engulfed in freezing vapours.
You resist.
You die...

##### ## ###...##
.. # ##......# .#§
##...##..# ###.#
###...##...#
#.§§####...####..##
#.8Y##...####...#
#§@§##..# #....#
#YY###..####..∩#
#§.####..##∩..##
##..#.....#####
###...#.## #######


You could see an ice statue and 3 ice beasts.

Vanquished Creatures
  The ghost of Pikaro the Spear-Bearer, a journeyman DsFi of Qazlal (D:9)
  An unseen horror (D:10)
  Joseph (D:7)
  4 centaur skeletons (D:10)
  A two-headed ogre (D:8)
  A polar bear (IceCv)
  Prince Ribbit (D:5)
  A troll (D:7)
  A vampire (D:10)
  4 yaks
  A wyvern (D:8)
  A hippogriff (D:9)
  3 wolves (IceCv)
  A phantom (D:4)
  Purgy (D:3)
  A sky beast (D:8)
  2 ice beasts (D:6)
  3 ogres
  A crocodile (D:10)
  A giant frog (D:6)
  2 scorpions
  12 wights
  A troll skeleton (D:10)
  2 spriggan skeletons (D:10)
  5 killer bees (D:10)
  A crimson imp (D:7)
  A giant frog zombie (D:7)
  A gnoll shaman (D:6)
  A quasit (D:7)
  2 jellies
  9 orc wizards
  An orc priest (D:7)
  A hound (D:10)
  2 giant frog skeletons
  2 iguanas
  6 worker ants
  2 hound skeletons
  A worker ant zombie (D:5)
  15 adders
  6 gnolls
  A shadow imp (D:6)
  An adder zombie (D:5)
  An adder skeleton (D:5)
  2 worms
  4 giant geckos
  21 orcs
  9 bats
  7 giant cockroaches
  7 goblins
  11 hobgoblins
  12 kobolds
  5 quokkas
  2 giant gecko skeletons
  5 giant newts
  5 jackals
  3 quokka skeletons
  A quokka zombie (D:8)
  15 rats
216 creatures vanquished.

Notes
Turn   | Place    | Note
--------------------------------------------------------------
     0 | D:1      | JokEr the Merfolk Fighter began the quest for the Orb.
     0 | D:1      | Reached XP level 1. HP: 18/18 MP: 1/1
   122 | D:1      | Reached XP level 2. HP: 22/24 MP: 2/2
   209 | D:1      | Reached skill level 4 in Polearms
   436 | D:1      | Reached XP level 3. HP: 30/30 MP: 3/3
   978 | D:2      | Reached XP level 4. HP: 29/38 MP: 4/4
  1252 | D:2      | Reached skill level 5 in Polearms
  2357 | D:3      | Reached XP level 5. HP: 38/43 MP: 5/5
  2361 | D:3      | Gained mutation: Your system is resistant to poisons. [potion of beneficial mutation]
  2489 | D:3      | Noticed Purgy
  2497 | D:3      | Killed Purgy
  2497 | D:3      | Reached skill level 5 in Fighting
  2497 | D:3      | Reached skill level 6 in Polearms
  2505 | D:3      | Found a blossoming altar of Fedhas.
  2680 | D:4      | Reached XP level 6. HP: 45/51 MP: 6/6
  2839 | D:4      | Reached skill level 7 in Polearms
  3161 | D:4      | Reached XP level 7. HP: 50/59 MP: 7/7
  3383 | D:4      | Reached skill level 8 in Polearms
  3487 | D:5      | Entered Level 5 of the Dungeon
  3713 | D:5      | Found a staircase to the Ecumenical Temple.
  3729 | Temple   | Entered the Ecumenical Temple
  4160 | D:5      | Found a white marble altar of Elyvilon.
  4174 | D:5      | Noticed Prince Ribbit
  4187 | D:5      | Killed Prince Ribbit
  4187 | D:5      | Reached skill level 9 in Polearms
  4187 | D:5      | Reached XP level 8. HP: 24/67 MP: 8/8
  4400 | D:5      | Gained mutation: You are agile. (Dex +2) [potion of beneficial mutation]
  4960 | D:5      | Reached skill level 10 in Polearms
  5264 | D:6      | Found a glowing golden altar of the Shining One.
  5266 | D:6      | Noticed an angel
  5271 | D:6      | Became a worshipper of the Shining One
  5466 | D:6      | Found a burning altar of Makhleb.
  5703 | D:6      | Found a basalt altar of Yredelemnul.
  5934 | D:7      | Reached skill level 11 in Polearms
  5976 | D:7      | Noticed Joseph
  5991 | D:7      | Killed Joseph
  5991 | D:7      | Reached XP level 9. HP: 73/77 MP: 9/9
  6248 | D:7      | Reached * piety under the Shining One
  6286 | D:7      | Reached skill level 12 in Polearms
  6468 | D:7      | Reached skill level 10 in Fighting
  6767 | D:7      | Found an ancient bone altar of Kikubaaqudgha.
  6774 | D:7      | Found a snail-covered altar of Cheibriados.
  7163 | D:8      | Reached skill level 13 in Polearms
  7361 | D:8      | Reached ** piety under the Shining One
  7377 | D:8      | Reached XP level 10. HP: 82/87 MP: 10/10
  7393 | D:8      | Found an iron altar of Okawaru.
  7480 | D:8      | Found Pommeze's Assorted Antiques.
  7488 | D:8      | Bought a glowing helmet for 144 gold pieces
  7488 | D:8      | Bought a pair of embroidered boots for 144 gold pieces
  7488 | D:8      | Bought a scroll of teleportation for 96 gold pieces
  7726 | D:9      | Found a radiant altar of Vehumet.
  7844 | D:9      | Noticed Pikaro's ghost (journeyman DsFi)
  7937 | D:9      | Killed Pikaro's ghost
  7937 | D:9      | Reached skill level 14 in Polearms
  8363 | D:10     | Entered Level 10 of the Dungeon
  8748 | D:10     | Noticed an unseen horror
  8764 | D:10     | Killed an unseen horror
  8764 | D:10     | Reached skill level 15 in Polearms
  9189 | D:10     | Reached *** piety under the Shining One
  9356 | D:11     | Found a frozen archway.
  9364 | IceCv    | Entered an ice cave
  9385 | IceCv    | Reached XP level 11. HP: 74/96 MP: 11/11
  9623 | IceCv    | HP: 3/97 [ice statue] (3)]
  9624 | IceCv    | Engulfed by an ice statue's freezing vapour

Vault maps used:
D:1:      minmay_arrival_hallway, st_stairs_8
D:2:      first_bread, minmay_ruptured
D:3:      fedhas_altar_3, uniq_purgy
D:4:      serial_shops, nicolae_shop_statue_plus
D:5:      elyvilon_altar_3, minmay_temple_entry_overgrown, uniq_prince_ribbit1
D:6:      grunt_temple_overflow_holy_war, kennysheep_little_box
D:7:      amethyst_overflow_temple_binary, uniq_joseph
D:8:      old_standard_altar, serial_shops, shop_statue
D:9:      vehumet_altar_wand_db
D:10:     hangedman_tell_no_tales, minmay_misc_feat_tower
D:11:     kennysheep_windowed_halls, david_lair_shrubbed, serial_undead,
          serial_undead_b, serial_undead_a, serial_undead_f, serial_undead_b,
          portal_ice_cave_entry_pillars_01, hangedman_abyss_or_decor_stagger,
          nrook_mini_vaults, uniq_josephine, uniq_snorg, uniq_maurice
Temple:   circular_temple_12
IceCv:    ice_cave_caverns_03

Action                   |  1- 3 |  4- 6 |  7- 9 | 10-12 || total
-------------------------+-------+-------+-------+-------++-------
Melee: Trident           |   139 |   181 |   403 |   211 ||   934
Invok: Divine Shield     |       |       |       |     2 ||     2
  Use: Scroll            |     2 |     6 |    11 |     4 ||    23
       Potion            |       |     2 |     5 |     7 ||    14
  Eat: Chunk             |       |     7 |    14 |     3 ||    24
       Bread ration      |       |       |       |     1 ||     1
